 Dungeon Crawl Stone Soup version 0.23.0 (webtiles) character file.

Game seed: 14511348822486706392

464 EnegeticOcto the Shield-Bearer (level 7, -5/44 HPs)
             Began as a Gargoyle Fighter on Feb 9, 2019.
             Was an Initiate of Makhleb.
             Killed from afar by an orc wizard (9 damage)
             ... with a magic dart
             ... on level 4 of the Dungeon.
             The game lasted 00:02:40 (3016 turns).

EnegeticOcto the Shield-Bearer (Gargoyle Fighter)   Turns: 3016, Time: 00:02:41

Health: -5/44      AC: 13    Str: 20    XL:     7   Next: 7%
Magic:  7/7        EV:  7    Int: 10    God:    Makhleb [......]
Gold:   82         SH:  9    Dex:  9    Spells: 6/6 levels left

rFire    . . .     SeeInvis +   a - +0 war axe
rCold    . . .     Gourm    .   c - +0 shield
rNeg     + . .     Faith    .   b - +0 scale mail
rPois    ∞         Spirit   .   v - +0 hat {SInv}
rElec    +         Reflect  .   u - +0 cloak
rCorr    .         Harm     .   (no gloves)
MR       .....                  (no boots)
Stlth    ..........             (no amulet)
HPRegen  0.14/turn              (no ring)
MPRegen  0.10/turn              (no ring)

@: no status effects
A: negative energy resistance 1, electricity resistance, unbreathing,
petrification resistance, rot immunity, AC +4
a: Renounce Religion


You were on level 4 of the Dungeon.
You worshipped Makhleb.
Makhleb was noncommittal.
You were not hungry.

You visited 1 branch of the dungeon, and saw 4 of its levels.

You collected 82 gold pieces.

Inventory:

Hand Weapons
 a - a +0 war axe (weapon)
Armour
 b - a +0 scale mail (worn)
 c - a +0 shield (worn)
 u - a +0 cloak (worn)
 v - a +0 hat of see invisible (worn)
Wands
 t - a wand of polymorph (3)
Scrolls
 g - 8 scrolls of identify {unknown}
 i - a scroll of enchant armour {unknown}
 j - 3 scrolls of teleportation {unknown}
 n - a scroll of enchant weapon {unknown}
 o - a scroll of blinking {unknown}
 p - a scroll of remove curse {unknown}
 q - a scroll of fear {unknown}
Potions
 d - a potion of might {@q3 !q}
 e - 4 potions of heal wounds {unknown}
 h - a potion of invisibility {unknown}
 k - 3 potions of curing
 l - a potion of lignification {unknown}
 m - 2 potions of haste {unknown}
 r - a potion of magic {unknown}
 s - a potion of cancellation {unknown}
 x - a potion of brilliance {unknown}
 z - a potion of flight {unknown}
Comestibles
 f - 3 rations
 w - 4 chunks of flesh


   Skills:
 + Level 4.8 Fighting
 * Level 4.4 Axes
 + Level 4.7 Armour
 + Level 4.8 Shields


You had 6 spell levels left.
You didn't know any spells.
Your spell library was empty.

Dungeon Overview and Level Annotations

Branches:
Dungeon (4/15)
 Temple: D:4-7

Altars:
Ashenzari
Cheibriados
Elyvilon
Fedhas
Kikubaaqudgha
Makhleb
Nemelex Xobeh
Qazlal
Ru
Sif Muna
Wu Jian
Xom
Yredelemnul
Zin


Innate Abilities, Weirdness & Mutations

You are resistant to torment.
Your stone body is resilient. (AC +4)
You are immune to poison.
You resist negative energy. (rN+)
You are resistant to electric shocks. (rElec)
You can survive without breathing.
You are immune to petrification.
You are immune to rotting.


Message History

The orc wizard hits you but does no damage.
The orc wizard hits you but does no damage.
Things that are here:
a +0 whip; 13 gold pieces You closely miss the orc wizard.
The orc wizard is moderately wounded.
The orc wizard hits you but does no damage.
You block the orc wizard's attack.
You barely miss the orc wizard.
The orc wizard is moderately wounded.
The phantom blinks!
The orc wizard barely misses you.
You closely miss the orc wizard.
The orc wizard is moderately wounded.
The orc wizard hits you but does no damage.
The phantom blinks!
You slash the orc wizard!
The orc wizard is almost dead.
The orc wizard points at you and mumbles some strange words.
The magic dart hits you!
You die...

.?..........
.......(... ##
#...$...... #..
.....[.... ....
##...#..... ....
#..........
#..####.........
#..§<.†o@...#
#...†..)....#
.............$.#
.#...........?....#
#......?W.....##..
........>.......# .
...###.##.........
.%. ## #...#####..
..... ..


You could see a phantom and an orc wizard.

Vanquished Creatures
  2 bullfrogs
  A howler monkey (D:4)
  A crimson imp (D:3)
  2 orc priests
  3 orc wizards
  A gnoll (D:2)
  3 adders
  A worm (D:2)
  2 dart slugs
  4 leopard geckos
  13 orcs
  4 bats
  2 giant cockroaches
  A hobgoblin (D:3)
  4 jackals
  9 kobolds
  A quokka (D:3)
  6 ball pythons
  5 frilled lizards
  7 goblins
  10 rats
82 creatures vanquished.

Notes
Turn   | Place    | Note
-------+----------+-------------------------------------------
     0 | D:1      | EnegeticOcto the Gargoyle Fighter began the quest for the
                  | Orb.
     0 | D:1      | Reached XP level 1. HP: 14/14 MP: 1/1
   224 | D:1      | Reached XP level 2. HP: 19/19 MP: 2/2
  1052 | D:2      | Reached XP level 3. HP: 21/23 MP: 3/3
  1081 | D:2      | Found a sacrificial altar of Ru.
  1676 | D:3      | Noticed a bullfrog
  1687 | D:3      | Reached XP level 4. HP: 21/29 MP: 4/4
  1689 | D:3      | Killed a bullfrog
  1689 | D:3      | Reached XP level 5. HP: 23/33 MP: 5/5
  1952 | D:3      | Found a white marble altar of Elyvilon.
  1961 | D:3      | Found an ancient bone altar of Kikubaaqudgha.
  1985 | D:3      | Reached XP level 6. HP: 29/39 MP: 6/6
  1989 | D:3      | Found an ornate altar of the Wu Jian Council.
  1990 | D:3      | Found a stormy altar of Qazlal.
  1990 | D:3      | Found a snail-covered altar of Cheibriados.
  1990 | D:3      | Found a blossoming altar of Fedhas.
  1991 | D:3      | Found a shattered altar of Ashenzari.
  1992 | D:3      | Found a glowing silver altar of Zin.
  1993 | D:3      | Found a deep blue altar of Sif Muna.
  1994 | D:3      | Found a basalt altar of Yredelemnul.
  1995 | D:3      | Found a sparkling altar of Nemelex Xobeh.
  2532 | D:3      | Found a shimmering altar of Xom.
  2533 | D:3      | Found a burning altar of Makhleb.
  2539 | D:3      | Became a worshipper of Makhleb the Destroyer
  2608 | D:3      | Paralysed by a crimson imp for 6 turns
  2968 | D:4      | Noticed a phantom
  3005 | D:4      | Reached XP level 7. HP: 11/44 MP: 7/7
  3016 | D:4      | Killed from afar by an orc wizard

Skill      XL: |  1  2  3  4  5  6 |
---------------+-------------------+-----
Axes           | 2 3 4 |  4.4
Fighting       | 4 |  4.8
Armour         | 4 |  4.7
Shields        | 4 |  4.8

Action                   |  1- 3 |  4- 6 |  7- 9 || total
-------------------------+-------+-------+-------++-------
Melee: War axe           |   138 |   147 |     8 ||   293
 Stab: Invisible         |       |     2 |       ||     2
  Eat: Chunk             |     3 |     3 |       ||     6
       Ration            |       |     1 |       ||     1
Armor: Scale mail        |    85 |   148 |     6 ||   239
Dodge: Dodged            |    43 |    67 |     2 ||   112
Block: Shield            |    68 |   111 |     5 ||   184
